[Event "ICCopen2017"]
[Site "Internet Chess Club"]
[Date "2017.04.02"]
[Round "2"]
[White "CaptainArcher"]
[Black "DavidXanatoss"]
[Result "1-0"]
[ICCResult "Black checkmated"]
[WhiteElo "2232"]
[BlackElo "1555"]
[Opening "Modern defense"]
[ECO "A40"]
[NIC "QO.17"]
[Time "19:16:58"]
[TimeControl "180+0"]

1. d4 g6 2. Bf4 Bg7 3. e3 d6 4. Nf3 Nc6 5. h3 Bf5 6. Bb5 a6 7. Ba4 Nh6 8.
O-O O-O 9. Bh2 b5 10. Bb3 Nb4 11. a3 Nc6 12. Nc3 Bd7 13. e4 e5 14. Ne2 Kh8
15. Bd5 Rb8 16. Qd2 Ne7 17. dxe5 dxe5 18. Bxe5 f6 19. Bf4 g5 20. Bg3 c6 21.
Bb3 Be8 22. Rfd1 Qxd2 23. Rxd2 Rc8 24. Bd6 Bh5 25. Bxe7 Rfe8 26. Bc5 Bxf3
27. gxf3 f5 28. Bd4 Bxd4 29. Nxd4 fxe4 30. fxe4 Rxe4 31. Ne6 Re5 32. Rad1 g4
33. Rd8+ Rxd8 34. Rxd8+ Ng8 35. Nf4 Re1+ 36. Kg2 gxh3+ 37. Kxh3 h6 38. Rxg8+
Kh7 39. Nh5 Rh1+ 40. Kg4 Rg1+ 41. Ng3 c5 42. Be6 c4 43. f4 h5+ 44. Kh4 Rg2
45. Rd8 Rh2+ 46. Kg5 h4 47. Rd7+ Kh8 48. Nf5 Rg2+ 49. Kxh4 Rh2+ 50. Kg5 Rg2+
51. Kf6 Rh2 52. Bf7 Rg2 53. Bg6 Rxg6+ 54. Kxg6 Kg8 55. Rd8# {Black
checkmated} 1-0

[Event "ICCopen2017"]
[Site "Internet Chess Club"]
[Date "2017.04.02"]
[Round "2"]
[White "MaestroASK"]
[Black "MassCarnage"]
[Result "1/2-1/2"]
[ICCResult "Game drawn because neither player has mating material"]
[WhiteElo "2497"]
[BlackElo "1942"]
[Opening "Benko's opening"]
[ECO "A00"]
[NIC "VO.09"]
[Time "19:17:14"]
[TimeControl "180+0"]

1. g3 d5 2. d3 e5 3. e4 Nf6 4. Bg2 Be6 5. Nd2 c6 6. Qe2 Nbd7 7. Bh3 Bxh3 8.
Nxh3 h6 9. O-O Ke7 10. f4 exf4 11. exd5+ Kd6 12. dxc6 Kxc6 13. Nxf4 Bc5+ 14.
Kg2 Re8 15. Qf3+ Kc7 16. Ne4 Nxe4 17. dxe4 Ne5 18. Qc3 Qd4 19. Qxd4 Bxd4 20.
c3 Bc5 21. Nd5+ Kc6 22. Bf4 f6 23. Bxe5 Rxe5 24. Kf3 Rae8 25. Rfe1 f5 26.
Nf4 fxe4+ 27. Ke2 g5 28. Nh5 Rf8 29. Rf1 Ref5 30. Rxf5 Rxf5 31. Rf1 Rxf1 32.
Kxf1 Kd5 33. Ke2 Ke5 34. g4 Bg1 35. h3 Bh2 36. Kf2 Bf4 37. b3 Bd2 38. c4 Kd4
39. Ke2 e3 40. Ng7 Kc3 41. Nf5 Kb2 42. Nd6 b6 43. Nc8 Kxa2 44. Nxa7 Kxb3 45.
Nc8 Kxc4 46. Nxb6+ Kd4 47. Nd7 Ke4 48. Nf6+ Kf4 49. Nh5+ Ke4 50. Ng3+ Kf4
51. Nh5+ Ke5 52. Kf3 Kd4 53. Ke2 Bc1 54. Ng3 Bd2 55. Nf5+ Ke4 56. Nxh6 Kf4
57. Nf7 Bc3 58. Nd6 Bf6 59. Nc4 Bd4 60. Nd6 Kg3 61. Nf5+ Kxh3 62. Kf3 e2 63.
Kxe2 Kxg4 64. Nxd4 Kf4 65. Ne6+ Kf5 66. Nxg5
{Game drawn because neither player has mating material}
1/2-1/2

[Event "ICCopen2017"]
[Site "Internet Chess Club"]
[Date "2017.04.02"]
[Round "2"]
[White "aravind6904"]
[Black "bhaiju"]
[Result "1/2-1/2"]
[ICCResult "Game drawn because neither player has mating material"]
[WhiteElo "1413"]
[BlackElo "1712"]
[Opening "Sicilian defense"]
[ECO "B33"]
[NIC "SI.34"]
[Time "19:16:35"]
[TimeControl "180+0"]

1. e4 c5 2. Nf3 Nc6 3. d4 cxd4 4. Nxd4 Nf6 5. Nc3 e6 6. Nxc6 bxc6 7. Bd3 d5
8. exd5 cxd5 9. O-O Bd7 10. Bd2 Bd6 11. Bg5 O-O 12. Qf3 Be7 13. Rfe1 h6 14.
Bh4 Re8 15. Rab1 Rb8 16. b3 Qa5 17. Ne2 Bb5 18. Bxb5 Qxb5 19. Bxf6 Bxf6 20.
Ng3 Rec8 21. Qe2 Qc5 22. Qe3 Qxe3 23. Rxe3 Rxc2 24. Re2 Rbc8 25. h3 Rxe2 26.
Nxe2 Rc2 27. Ng3 Rxa2 28. b4 Bd4 29. Nh1 Rb2 30. Rxb2 Bxb2 31. f3 a6 32. Kf1
Bc3 33. Ke2 Bxb4 34. Nf2 Kf8 35. Nd3 a5 36. Kd1 Ke7 37. Kc2 Kd6 38. Kb3 e5
39. Nb2 f5 40. Nd1 g5 41. Ne3 Ke6 42. Nc2 e4 43. fxe4 Ke5 44. exd5 Kxd5 45.
Ne3+ Ke4 46. Nc2 h5 47. Na1 Ke3 48. Nc2+ Kf2 49. Nd4 f4 50. Ne6 g4 51. Nxf4
Kg3 52. Nxh5+ Kxg2 53. hxg4 Kh3 54. g5 Kh4 55. g6 Kxh5 56. g7 Kg6 57. g8=Q+
Kf6 58. Qc4 Ke5 59. Qb5+ Ke4 60. Qa6 Ke3 61. Qb7 Kf4 62. Qc8 Ke5 63. Qd7 Ke4
64. Qd8 Ke3 65. Qe8+ Kf4 66. Qf7+ Ke5 67. Qe8+ Kd6 68. Qd7+ Ke5 69. Qc8 Ke4
70. Ka4 Kd3 71. Qd7+ Kc3 72. Qc8+ Kd4 73. Qb7 Ke5 74. Qa8 Kd6 75. Qb7 Ke5
76. Qa8 Kd4 77. Qh8+ Kc5 78. Qg8 Kc6 79. Qf8 Bxf8 80. Kxa5
{Game drawn because neither player has mating material}
1/2-1/2

[Event "ICCopen2017"]
[Site "Internet Chess Club"]
[Date "2017.04.02"]
[Round "2"]
[White "arsam"]
[Black "patterncircular"]
[Result "0-1"]
[ICCResult "White checkmated"]
[WhiteElo "2630"]
[BlackElo "2044"]
[Opening "Pirc: Ufimtsev-Pytel variation"]
[ECO "B07"]
[NIC "PU.08"]
[Time "19:16:35"]
[TimeControl "180+0"]

1. e4 d6 2. d4 Nf6 3. Nc3 c6 4. Nf3 Bg4 5. h3 Bh5 6. Be2 Nbd7 7. O-O e5 8.
Be3 Be7 9. Qd2 O-O 10. Rad1 Qc7 11. dxe5 dxe5 12. Nh4 Bg6 13. Nxg6 hxg6 14.
f4 Rad8 15. Qe1 Bc5 16. Bxc5 Nxc5 17. f5 g5 18. Bd3 b5 19. Qe3 Nxd3 20. cxd3
Qb6 21. Rfe1 Nh5 22. Qxb6 axb6 23. Ne2 Nf4 24. Nxf4 gxf4 25. Kf2 g5 26. Ke2
Rd4 27. Rc1 c5 28. Rc3 Rfd8 29. Rec1 b4 30. Rb3 Kg7 31. a3 bxa3 32. bxa3
R8d6 33. Rcb1 Kf8 34. Rxb6 Rxd3 35. Rxd6 Rxd6 36. Rb5 Rd4 37. Kf3 Rd3+ 38.
Kg4 Rg3+ 39. Kh5 Rxg2 40. Rxc5 Kg7 41. Rc6 Rg3 42. f6+ Kh7 43. Rc5 Rxh3+ 44.
Kxg5 Rxa3 45. Rxe5 f3 46. Rf5 Re3 47. Kf4 Rc3 48. Kg4 Kg6 49. Rf4 Rc4 50. e5
Rxf4+ 51. Kxf4 f2 52. Ke4 f1=Q 53. Kd5 Qd3+ 54. Kc6 Kf5 55. Kc7 Kxe5 56. Kc8
Kxf6 57. Kc7 Qd5 58. Kc8 Ke6 59. Kc7 Qd6+ 60. Kc8 Qe7 61. Kb8 Kd6 62. Ka8
Kc6 63. Kb8 Qb7# {White checkmated} 0-1

[Event "ICCopen2017"]
[Site "Internet Chess Club"]
[Date "2017.04.02"]
[Round "2"]
[White "tirandopiezas"]
[Black "yummy2"]
[Result "0-1"]
[ICCResult "White forfeits on time"]
[WhiteElo "2017"]
[BlackElo "2697"]
[Opening "Giuoco Piano"]
[ECO "C50"]
[NIC "IG.02"]
[Time "19:16:28"]
[TimeControl "180+0"]

1. e4 e5 2. Nf3 Nc6 3. Bc4 Bc5 4. O-O d6 5. d3 Nf6 6. Bg5 h6 7. Be3 Bb6 8.
Nc3 O-O 9. Nd5 Nxd5 10. Bxd5 Ne7 11. Bb3 Ng6 12. Nd2 Kh7 13. Nc4 f5 14. Nxb6
axb6 15. exf5 Bxf5 16. Qh5 Qf6 17. Bd5 c6 18. Be4 b5 19. a3 d5 20. Bxf5 Qxf5
21. Qxf5 Rxf5 22. f3 Kg8 23. c3 Kf7 24. g3 Nf8 25. b3 Ne6 26. Kg2 Ke7 27. a4
bxa4 28. Rxa4 Rxa4 29. bxa4 Kd7 30. Rb1 Kc7 31. Bb6+ Kc8 32. a5 Ng5 33. Rf1
Rf7 34. h4 Ne6 35. Be3 Nc7 36. Rd1 Rd7 37. Bb6 Nb5 38. Rc1 Nd6 39. Bc5 Nf5
40. Re1 Rf7 41. Rxe5 Kd7 42. Bf2 Kd6 43. Re1 Ne7 44. Rb1 Ng6 45. a6 bxa6 46.
Ra1 Ne5 47. Rxa6 Nxf3 48. c4 Ne5 49. c5+ Kd7 50. Ra7+ Ke6 51. Ra6 Rc7 52. d4
Nd7 53. Be3 Rc8 54. Ra7 h5 55. Bf4 g6 56. Kf3 Nf6 57. Ke3 Ng4+ 58. Kd3 Nf6
{White forfeits on time}
0-1

[Event "ICCopen2017"]
[Site "Internet Chess Club"]
[Date "2017.04.02"]
[Round "2"]
[White "YHWH"]
[Black "tonychess2014"]
[Result "1-0"]
[ICCResult "Black forfeits on time"]
[WhiteElo "1546"]
[BlackElo "1758"]
[Opening "Benkö gambit"]
[ECO "A57"]
[NIC "BI.46"]
[Time "19:16:36"]
[TimeControl "180+0"]

1. d4 Nf6 2. c4 c5 3. d5 b5 4. Nc3 bxc4 5. e4 d6 6. Bxc4 g6 7. Bg5 Bg7 8.
Nge2 O-O 9. O-O Ba6 10. Bxa6 Nxa6 11. Qd2 Rb8 12. Rab1 Nc7 13. f4 Nb5 14.
Nxb5 Rxb5 15. Nc3 Rb4 16. Rfe1 Qb6 17. a3 Rd4 18. Qc2 Re8 19. Kh1 Ng4 20. h3
Nf6 21. Re3 Rb8 22. Ne2 Nh5 23. Nxd4 cxd4 24. Rd3 f6 25. Bh4 Nxf4 26. Rf3 g5
27. Bf2 h5 28. b4 g4 29. hxg4 Ng6 30. gxh5 Ne5 31. Rg3 Kf7 32. Qd2 Rh8 33.
Bxd4 Rxh5+ 34. Kg1 Qd8 35. Rf1 Qh8 36. Bxa7 Rh1+ 37. Kf2 Rxf1+ 38. Kxf1 Bh6
39. Qb2 Bf4 40. Rh3 Qg7 41. Bf2 Ng4 42. Bg1 Be5 43. Qe2 Qg6 44. Rf3 Ke8 45.
g3 f5 46. Bf2 fxe4 47. Rc3 Nh2+ 48. Kg2 Nf3 49. Rc8+ Kd7 50. Qc4 Nh4+ 51.
Kf1 e6 52. Qc6+ Ke7 53. Rc7+ Kf6 54. Qe8 Qf5 55. Rf7+ Kg6 56. Rxf5+ Kxf5 57.
Qxe6+ {Black forfeits on time} 1-0

[Event "ICCopen2017"]
[Site "Internet Chess Club"]
[Date "2017.04.02"]
[Round "2"]
[White "Svinotigr"]
[Black "Chamanx"]
[Result "1-0"]
[ICCResult "Black forfeits on time"]
[WhiteElo "1747"]
[BlackElo "1359"]
[Opening "Réti opening"]
[ECO "A05"]
[NIC "QP.11"]
[Time "19:16:40"]
[TimeControl "180+0"]

1. Nf3 Nf6 2. d3 g6 3. Nbd2 Bg7 4. e4 O-O 5. Qe2 d5 6. g3 dxe4 7. dxe4 Nc6
8. c3 e5 9. Bg2 Bg4 10. O-O Qd7 11. h4 Bh3 12. Re1 Bxg2 13. Kxg2 Qg4 14. Nc4
Nh5 15. Nh2 Qe6 16. a4 f5 17. exf5 Rxf5 18. Ne3 Rf4 19. Qb5 Rf7 20. Qd5 Qf6
21. Nhg4 Nf4+ 22. gxf4 Qxf4 23. Qc4 e4 24. Rf1 Qf3+ 25. Kg1 Ne5 26. Nh2 Qh3
27. Qxe4 Raf8 28. Qg2 Qxh4 29. f3 Bh6 30. Neg4 Nxg4 31. Nxg4 Bxc1 32. Raxc1
h5 33. Nh2 Rf5 34. f4 g5 35. Qf2 Rxf4 36. Qxh4 Rxh4 37. Rxf8+ Kxf8 38. Rf1+
Kg7 39. Kg2 g4 40. Rg1 Rh3 41. Nf1 Rf3 42. Nd2 h4 43. Nc4 h3+ 44. Kh2 Rf2+
45. Kg3 Rf3+ 46. Kxg4 Rd3 47. Rg3 Rd2 48. Rxh3 Rc2 49. Kh4 c6 50. Rg3+
{Black forfeits on time}
1-0

[Event "ICCopen2017"]
[Site "Internet Chess Club"]
[Date "2017.04.02"]
[Round "2"]
[White "Bishopmate"]
[Black "sravanrenjith"]
[Result "0-1"]
[ICCResult "White checkmated"]
[WhiteElo "1272"]
[BlackElo "1636"]
[Opening "Queen's pawn game, Darooha variation "]
[ECO "D02"]
[NIC "QP.06"]
[Time "19:17:16"]
[TimeControl "180+0"]

1. d4 Nf6 2. Nf3 d5 3. g3 c5 4. e3 Nc6 5. Bg2 Bg4 6. O-O e5 7. dxe5 Nxe5 8.
Nbd2 Bd6 9. h3 Bh5 10. g4 Bg6 11. Nxe5 Bxe5 12. Nf3 Bc7 13. Re1 O-O 14. Nh4
Be4 15. Bxe4 Nxe4 16. Nf3 f5 17. c4 fxg4 18. hxg4 dxc4 19. Qxd8 Raxd8 20.
Kg2 Ba5 21. Rh1 Rd7 22. Rh4 Rdf7 23. g5 Rxf3 24. Rxe4 Rxf2+ 25. Kg3 Bc7+ 26.
Kg4 R8f3 27. Re8+ Kf7 28. Rc8 Rg3+ 29. Kh4 Rh2# {White checkmated} 0-1

[Event "ICCopen2017"]
[Site "Internet Chess Club"]
[Date "2017.04.02"]
[Round "2"]
[White "blackending"]
[Black "Nightlife"]
[Result "0-1"]
[ICCResult "White checkmated"]
[WhiteElo "1502"]
[BlackElo "1780"]
[Opening "French: Tarrasch"]
[ECO "C03"]
[NIC "FR.07"]
[Time "19:16:41"]
[TimeControl "180+0"]

1. e4 e6 2. d4 d5 3. Nd2 dxe4 4. Nxe4 Be7 5. Nf3 Nd7 6. Be2 Ngf6 7. Ng3 O-O
8. c4 b6 9. Be3 Bb7 10. O-O c5 11. Rc1 cxd4 12. Nxd4 Nc5 13. b4 Nce4 14.
Nxe4 Nxe4 15. Bf3 Bxb4 16. Qb3 Be7 17. Rfd1 Nc5 18. Qc2 Bxf3 19. Nxf3 Qc7
20. g3 Rad8 21. Bf4 Qb7 22. Ne5 Rxd1+ 23. Rxd1 Rd8 24. Rxd8+ Bxd8 25. Qd2
Bf6 26. Qd6 Ne4 27. Qd7 Qxd7 28. Nxd7 Nc5 29. Nxf6+ gxf6 30. Bb8 a5 31. Ba7
Nd7 32. Kf1 Kf8 33. Ke2 Ke7 34. Kd3 Kd6 35. Kd4 Kc6 36. c5 bxc5+ 37. Kc4
Nb6+ 38. Bxb6 Kxb6 39. a4 Kc6 40. g4 f5 41. g5 Kd6 42. f4 e5 43. fxe5+ Kxe5
44. Kxc5 f4 45. Kb6 f3 46. Kxa5 f2 47. Kb6 f1=Q 48. a5 Qb1+ 49. Kc7 Qc2+ 50.
Kb6 Qb3+ 51. Kc7 Kd5 52. a6 Qc4+ 53. Kb7 Qb5+ 54. Ka7 Kc6 55. h4 Qb6+ 56.
Ka8 Kc7 57. a7 Qb7# {White checkmated} 0-1

[Event "ICCopen2017"]
[Site "Internet Chess Club"]
[Date "2017.04.02"]
[Round "2"]
[White "ivancele"]
[Black "Mormegil"]
[Result "0-1"]
[ICCResult "White forfeits on time"]
[WhiteElo "1472"]
[BlackElo "1763"]
[Opening "QGD Slav: 4.e3"]
[ECO "D11"]
[NIC "SL.01"]
[Time "19:17:47"]
[TimeControl "180+0"]

1. d4 d5 2. c4 c6 3. e3 Nf6 4. Nf3 a6 5. a4 e6 6. Nbd2 Bb4 7. Be2 Ne4 8. O-O
Nxd2 9. Nxd2 O-O 10. b3 Nd7 11. Bb2 Qe7 12. Nf3 f5 13. Rc1 Nf6 14. c5 a5 15.
Ne5 Ne4 16. Rc2 Bd7 17. g3 Be8 18. h4 g5 19. hxg5 Qxg5 20. Kg2 Rf6 21. Bf3
Rc8 22. Bxe4 fxe4 23. Rh1 Rc7 24. Bc1 Rg7 25. Rh3 Bg6 26. Nxg6 Rgxg6 27. Qh1
h6 28. Rh4 Kg7 29. Bd2 Bxd2 30. Rxd2 Rf3 31. Qh3 Rgf6 32. Re2 Qg6 33. Rg4
R3f5 34. Rxg6+ Rxg6 35. Qh1 Kf7 36. Qe1 h5 37. Qxa5 h4 38. Qc7+ Kf6 39. Qxb7
hxg3 40. fxg3 Rf3 {White forfeits on time} 0-1

[Event "ICCopen2017"]
[Site "Internet Chess Club"]
[Date "2017.04.02"]
[Round "2"]
[White "FightClub"]
[Black "Activekids"]
[Result "0-1"]
[ICCResult "White checkmated"]
[WhiteElo "2525"]
[BlackElo "1986"]
[Opening "QGD Slav defense"]
[ECO "D10"]
[NIC "SL.01"]
[Time "19:17:34"]
[TimeControl "180+0"]

1. d4 d5 2. c4 c6 3. Nc3 Nf6 4. e3 Bf5 5. cxd5 cxd5 6. Qb3 Nc6 7. Qxb7 Bd7
8. Qb3 Rb8 9. Qd1 e5 10. Nf3 Bd6 11. Be2 O-O 12. O-O e4 13. Nd2 Ne7 14. Re1
Ng6 15. Nf1 Re8 16. b3 Bb4 17. Bd2 Rc8 18. Nxe4 Nxe4 19. Bxb4 Qh4 20. g3 Qh3
21. Bf3 h5 22. Bg2 Qf5 23. f3 Ng5 24. Bc5 Bb5 25. g4 hxg4 26. fxg4 Qf6 27.
Ng3 Nh4 28. Nh5 Qg6 29. Nf4 Qf6 30. Bxd5 Rcd8 31. Bh1 Qxf4 32. exf4 Nh3#
{White checkmated}
0-1

[Event "ICCopen2017"]
[Site "Internet Chess Club"]
[Date "2017.04.02"]
[Round "2"]
[White "HighGround"]
[Black "Djukanyc"]
[Result "0-1"]
[ICCResult "White resigns"]
[WhiteElo "1350"]
[BlackElo "1708"]
[Opening "Sicilian defense"]
[ECO "B41"]
[NIC "SI.43"]
[Time "19:18:16"]
[TimeControl "180+0"]

1. e4 c5 2. Nf3 e6 3. d4 cxd4 4. Qxd4 Nc6 5. Qd1 Nf6 6. Bd3 d5 7. e5 Nd7 8.
Bf4 Qc7 9. O-O Ndxe5 10. Nxe5 Nxe5 11. Re1 Bd6 12. Bg3 Nxd3 13. Bxd6 Qxd6
14. Qxd3 O-O 15. Nc3 Bd7 16. Rad1 Bc6 17. Qg3 Qxg3 18. hxg3 Rad8 19. a3 d4
20. Ne4 e5 21. f3 Rfe8 22. Kf2 f5 23. Nc5 e4 24. f4 e3+ 25. Kg1 Kf7 26. Nd3
Kf6 27. Ne5 Be4 28. Rc1 Rc8 29. Nd7+ Ke7 30. Ne5 Red8 31. Kh2 Rxc2 32. Rxc2
Bxc2 33. Rc1 d3 34. Nc4 d2 35. Rxc2 d1=Q 36. Rc3 e2 37. Ne3 e1=Q 38. Nxd1
Rxd1 39. Rc7+ Kd6 {White resigns} 0-1

[Event "ICCopen2017"]
[Site "Internet Chess Club"]
[Date "2017.04.02"]
[Round "2"]
[White "Cu-Chulainn"]
[Black "frentz"]
[Result "1-0"]
[ICCResult "Black forfeits on time"]
[WhiteElo "1637"]
[BlackElo "1972"]
[Opening "Scotch gambit: Dubois-Réti defense"]
[ECO "C55"]
[NIC "KP.02"]
[Time "19:17:02"]
[TimeControl "180+0"]

1. e4 e5 2. Nf3 Nc6 3. Bc4 Nf6 4. d4 exd4 5. e5 d5 6. Bb5 Ne4 7. Nxd4 Bd7 8.
Bxc6 bxc6 9. O-O Bc5 10. Be3 O-O 11. Nd2 Nxd2 12. Qxd2 Rb8 13. Nb3 Bb6 14.
f4 Qe7 15. Bxb6 axb6 16. Rae1 Bf5 17. Nd4 Qc5 18. Qf2 Be4 19. c3 Ra8 20. a3
g6 21. Kh1 Rfe8 22. Qh4 Qc4 23. Rf2 c5 24. Nf3 Qb5 25. Ng5 h5 26. Rxe4 dxe4
27. Nxe4 Re6 28. Qg5 Kg7 29. Nf6 Rxa3 30. h3 Ra1+ 31. Kh2 Rf1 32. Nxh5+ Kh7
33. Nf6+ Kg7 34. Qh4 Rxf2 35. Qh7+ Kf8 36. Qg8+ Ke7 37. Nd5+ Kd7 38. Qxf7+
Kc6 39. Qxe6+ Kb7 40. Ne7 Qe8 41. Qd5+ c6 42. Qd6 Rxf4 43. Nxg6 Rf2 44. Kg3
Qf7 45. e6 Rxg2+ 46. Kxg2 Qxg6+ 47. Kh2 Qc2+ 48. Kg3 Qg6+ 49. Kf4 Qf6+ 50.
Ke4 Ka6 51. e7 Qxd6 52. e8=Q Qd5+ 53. Kf4 Kb5 54. Qe2+ c4 55. Qe5 Kc5 56.
Qxd5+ cxd5 57. Kf5 Kd6 58. Kf6 d4 59. Kf7 d3 60. Kf6 d2 61. Kf5 d1=Q 62. Kf4
{Black forfeits on time}
1-0

[Event "ICCopen2017"]
[Site "Internet Chess Club"]
[Date "2017.04.02"]
[Round "2"]
[White "garompon"]
[Black "F83"]
[Result "1-0"]
[ICCResult "Black forfeits on time"]
[WhiteElo "2496"]
[BlackElo "1925"]
[Opening "Sicilian defense"]
[ECO "B40"]
[NIC "SI.43"]
[Time "19:18:04"]
[TimeControl "180+0"]

1. e4 c5 2. Nf3 e6 3. c3 Nf6 4. e5 Nd5 5. Bc4 Nb6 6. Bb3 c4 7. Bc2 d5 8.
exd6 Bxd6 9. O-O O-O 10. b3 Qc7 11. bxc4 Nxc4 12. d4 g6 13. Bh6 Rd8 14. Nbd2
Nxd2 15. Nxd2 Bxh2+ 16. Kh1 Bf4 17. Bxf4 Qxf4 18. g3 Qh6+ 19. Kg2 e5 20. Rh1
Qg5 21. Ne4 Qe7 22. Qc1 f5 23. Bb3+ Be6 24. Bxe6+ Qxe6 25. Qh6 Rd7 26. Ng5
Qc6+ 27. f3 Qxc3 28. Raf1 Qxd4 29. Rf2 Qe3 30. Qh4 h5 31. Qc4+ Kg7 32. Ne6+
Kh6 33. g4 fxg4 34. fxg4 Nc6 35. g5+ Kh7 36. Nf8+ Rxf8 37. Rxf8 Rd2+ 38. Kf1
Rd1+ 39. Kg2 Rd2+ 40. Kf1 Rd1+ 41. Kg2 Rd2+ 42. Kf1 Rd1+ 43. Kg2 Qxg5+ 44.
Kf2 Qd2+ 45. Kf3 Nd4+ 46. Ke4 Qe2+ 47. Kd5 Qxc4+ 48. Kxc4 Rc1+ 49. Kd5 Rxh1
50. Rf7+ Kh6 51. Rxb7 Kg5 52. Kxe5 Nf3+ 53. Kd5 Re1 54. Rb8 Rd1+ 55. Kc4
Ne5+ 56. Kb3 Rc1 57. Rh8 {Black forfeits on time} 1-0

[Event "ICCopen2017"]
[Site "Internet Chess Club"]
[Date "2017.04.02"]
[Round "2"]
[White "EddieBarber"]
[Black "hangin"]
[Result "1-0"]
[ICCResult "Black resigns"]
[WhiteElo "1691"]
[BlackElo "1241"]
[Opening "Sicilian: Sozin, not Scheveningen"]
[ECO "B57"]
[NIC "SI.25"]
[Time "19:19:50"]
[TimeControl "180+0"]

1. e4 c5 2. Nf3 d6 3. d4 cxd4 4. Nxd4 Nf6 5. Nc3 Nc6 6. Bc4 Bd7 7. O-O g6 8.
h3 Bg7 9. Bb3 a6 10. Re1 Na5 11. e5 Nxb3 12. exf6 Nxa1 13. fxg7 Rg8 14. Bg5
Be6 15. Nxe6 fxe6 16. Qxa1 e5 17. Nd5 Rxg7 18. c4 Rf7 19. Qd1 Rc8 20. Bh6
Rc5 21. b3 Qa5 22. a4 e6 23. Bd2 Qd8 24. Ne3 Qf6 25. Qe2 Kf8 26. Ng4 Qg7 27.
Bh6 {Black resigns} 1-0

[Event "ICCopen2017"]
[Site "Internet Chess Club"]
[Date "2017.04.02"]
[Round "2"]
[White "Ohanessian"]
[Black "Dupinpon"]
[Result "1-0"]
[ICCResult "Black resigns"]
[WhiteElo "2126"]
[BlackElo "1571"]
[Opening "Sicilian: Najdorf, Lipnitzky attack"]
[ECO "B90"]
[NIC "SI.13"]
[Time "19:22:26"]
[TimeControl "180+0"]

1. e4 c5 2. Nf3 d6 3. d4 cxd4 4. Nxd4 Nf6 5. Nc3 a6 6. Bc4 e5 7. Nf5 Bxf5 8.
exf5 Be7 9. g4 h6 10. Be3 b5 11. Bb3 Nc6 12. Nd5 Nxd5 13. Qxd5 O-O 14. Qxc6
Rc8 15. Qd5 Bg5 16. O-O-O Bxe3+ 17. fxe3 Qg5 18. Rde1 a5 19. h4 Qe7 20. Qxb5
d5 21. Qxd5 a4 22. Bxa4 Rc5 23. Qe4 Rfc8 24. Bb3 Qc7 25. g5 {Black resigns}
1-0

[Event "ICCopen2017"]
[Site "Internet Chess Club"]
[Date "2017.04.02"]
[Round "2"]
[White "anitak"]
[Black "Shadeath"]
[Result "0-1"]
[ICCResult "White forfeits on time"]
[WhiteElo "2078"]
[BlackElo "2749"]
[Opening "English opening"]
[ECO "A10"]
[NIC "EO.64"]
[Time "19:20:49"]
[TimeControl "180+0"]

1. c4 g6 2. Nc3 Bg7 3. g3 Nf6 4. Bg2 d6 5. e3 O-O 6. Nge2 Nc6 7. Rb1 a5 8.
a3 e5 9. O-O Bf5 10. d3 Qd7 11. Nd5 Ne8 12. b4 axb4 13. axb4 Bh3 14. b5 Nd8
15. Nec3 Bxg2 16. Kxg2 f5 17. Qc2 Ne6 18. f4 Qf7 19. Bd2 c6 20. bxc6 bxc6
21. Nb4 Qd7 22. Ra1 Nf6 23. Ra2 Rxa2 24. Qxa2 exf4 25. gxf4 Ng4 26. Nd1 g5
27. h3 Nf6 28. fxg5 Nxg5 29. h4 Nf7 30. Qa6 Rc8 31. Bc3 Ne5 32. Nf2 c5 33.
Nd5 Nxd5 34. cxd5 Rf8 35. Bxe5 Bxe5 36. Rg1 Kh8 37. Kf3 Qf7 38. Qc4 Qh5+ 39.
Kg2 Qe2 40. e4 Rg8+ 41. Kh3 Qf3+ {White forfeits on time} 0-1

[Event "ICCopen2017"]
[Site "Internet Chess Club"]
[Date "2017.04.02"]
[Round "2"]
[White "CapitanCentella"]
[Black "blackhole1"]
[Result "0-1"]
[ICCResult "White forfeits on time"]
[WhiteElo "1762"]
[BlackElo "1605"]
[Opening "QGD Slav defense"]
[ECO "D10"]
[NIC "SL.01"]
[Time "19:20:49"]
[TimeControl "180+0"]

1. d4 d5 2. c4 c6 3. Nc3 dxc4 4. a4 b6 5. e3 Bb7 6. Bxc4 e6 7. Nf3 Nf6 8.
O-O Be7 9. Re1 O-O 10. Qc2 Nbd7 11. b3 Rc8 12. Bd3 c5 13. Qe2 cxd4 14. Nb5
a6 15. Nbxd4 Nc5 16. Bc2 Nd5 17. Bb2 Bf6 18. Red1 Qc7 19. Rac1 Qb8 20. Ba1
Nb4 21. Bb1 Rcd8 22. Ba2 Rd7 23. Bc3 Nd5 24. Ba1 Rfd8 25. Rf1 g6 26. h3 Bg7
27. Bb2 Nb4 28. Bb1 Bxf3 29. Qxf3 Ncd3 30. Bxd3 Nxd3 31. Rb1 Nxb2 32. Rxb2
Bxd4 33. exd4 Rxd4 34. b4 Qd6 35. g3 Rxb4 36. Ra2 a5 37. h4 Qd5 38. Qa3 Qb3
39. Qxb3 Rxb3 40. Rc1 Rdd3 41. Rc6 Kg7 42. Rc7 h5 43. Kg2 Ra3 44. Rb2 Rdb3
45. Rd2 Rxa4 46. Rdd7 Kf6 47. Rxf7+ Ke5 48. Rg7 Rg4 49. Rgf7 a4 50. Rfe7 b5
51. Rc6 Kd5 52. Rexe6 a3 53. Red6+ Ke4 54. Re6+ Kd3 55. Red6+ Ke2 56. Re6+
Kd1 57. Red6+ Ke2 58. Re6+ Kd1 59. Red6+ Ke2 60. Re6+ Kd2 61. Red6+ Rd3 62.
Rxg6 Rxg6 63. Rxg6 b4 64. Ra6 Rb3 65. g4 hxg4 66. h5 Rh3 67. Ra4 Kc3
{White forfeits on time}
0-1

[Event "ICCopen2017"]
[Site "Internet Chess Club"]
[Date "2017.04.02"]
[Round "3"]
[White "Nightlife"]
[Black "JustinL"]
[Result "0-1"]
[ICCResult "White resigns"]
[WhiteElo "1778"]
[BlackElo "2266"]
[Opening "Giuoco Piano: four knights variation"]
[ECO "C47"]
[NIC "RG.01"]
[Time "19:28:41"]
[TimeControl "180+0"]

1. e4 e5 2. Nf3 Nf6 3. Nc3 Nc6 4. Bc4 Bc5 5. O-O O-O 6. d3 d6 7. h3 Be6 8.
Bxe6 fxe6 9. a3 a5 10. Be3 Nd4 11. Bxd4 Bxd4 12. Nxd4 exd4 13. Ne2 e5 14. f4
Nh5 15. f5 Qg5 16. Kh2 Kh8 17. Qc1 Qh4 18. g4 Nf6 19. Qe1 Nxg4+ 20. Kg2 Ne3+
{White resigns}
0-1

[Event "ICCopen2017"]
[Site "Internet Chess Club"]
[Date "2017.04.02"]
[Round "3"]
[White "carpedef"]
[Black "arsam"]
[Result "0-1"]
[ICCResult "White resigns"]
[WhiteElo "1788"]
[BlackElo "2630"]
[Opening "Sicilian"]
[ECO "B50"]
[NIC "SI.01"]
[Time "19:28:27"]
[TimeControl "180+0"]

1. e4 c5 2. Nf3 d6 3. d3 Nf6 4. g3 Nc6 5. Bg2 Bd7 6. O-O h5 7. h4 g6 8. c3
Bg7 9. Re1 Qc8 10. Nbd2 Bh3 11. Nf1 O-O 12. N1h2 Bxg2 13. Kxg2 Ne5 14. d4
Nxf3 15. Nxf3 cxd4 16. cxd4 d5 17. e5 Ne4 18. Be3 f6 19. exf6 Rxf6 20. Rc1
Qf5 21. Re2 Qxf3+ {White resigns} 0-1

[Event "ICCopen2017"]
[Site "Internet Chess Club"]
[Date "2017.04.02"]
[Round "3"]
[White "supermouse"]
[Black "carbonero1969"]
[Result "1-0"]
[ICCResult "Black resigns"]
[WhiteElo "2608"]
[BlackElo "1787"]
[Opening "Réti opening"]
[ECO "A04"]
[NIC "QP.11"]
[Time "19:28:39"]
[TimeControl "180+0"]

1. Nf3 g6 2. g3 Bg7 3. Bg2 Nf6 4. O-O d6 5. d4 O-O 6. Nc3 c5 7. dxc5 dxc5 8.
Qxd8 Rxd8 9. Be3 Nbd7 10. Rfd1 Ng4 11. Bxc5 Re8 12. Ba3 Rb8 13. Nd5 e6 14.
Ne7+ Kh8 15. Nxc8 {Black resigns} 1-0

[Event "ICCopen2017"]
[Site "Internet Chess Club"]
[Date "2017.04.02"]
[Round "3"]
[White "Cramagica"]
[Black "blunder23"]
[Result "0-1"]
[ICCResult "White checkmated"]
[WhiteElo "1104"]
[BlackElo "1504"]
[Opening "Bird's opening"]
[ECO "A03"]
[NIC "VO.07"]
[Time "19:28:23"]
[TimeControl "180+0"]

1. f4 d5 2. Nf3 Nc6 3. e3 Bf5 4. a3 Nf6 5. b4 e6 6. Bb2 Bd6 7. Nc3 a6 8. Ne2
O-O 9. Ng3 Bg6 10. Nh4 e5 11. Nxg6 fxg6 12. fxe5 Nxe5 13. Be2 Ne4 14. Nxe4
dxe4 15. Rf1 Rxf1+ 16. Kxf1 Qf6+ 17. Kg1 Qh4 18. Qf1 Nf3+ 19. gxf3 Qxh2#
{White checkmated}
0-1

[Event "ICCopen2017"]
[Site "Internet Chess Club"]
[Date "2017.04.02"]
[Round "3"]
[White "Fighterman"]
[Black "uptonjr"]
[Result "1-0"]
[ICCResult "Black resigns"]
[WhiteElo "2430"]
[BlackElo "1766"]
[Opening "Pirc defense"]
[ECO "B07"]
[NIC "PU.07"]
[Time "19:29:03"]
[TimeControl "180+0"]

1. d4 Nf6 2. Nc3 g6 3. e4 d6 4. Be3 Bg7 5. Qd2 Nbd7 6. Bh6 O-O 7. Bxg7 Kxg7
8. O-O-O c5 9. e5 Ne8 10. exd6 exd6 11. h4 h5 12. dxc5 dxc5 13. Nf3 Nef6 14.
Bc4 a6 15. Ng5 b5 16. Bxf7 Rxf7 17. Ne6+ {Black resigns} 1-0